Map: Automaton LE

Players

Piroxiljin

  • Race: Terran Terran
  • Spawn Location: 3:00

VOD

Have the link to the VOD?

Description

Time

  • Played on: Jan. 13, 2019, 3:52 a.m.
  • Length: 31:48
Show
View Real Time Build Order
Export as new Build Order

Piroxiljin Terran 

Build Orders:  

Get SALT Encoding   

  12  0:03  SCV  
  13  0:26  SCV  
  14  0:35  Supply Depot  
  14  0:45  SCV  
  15  1:06  SCV  
  15  1:07  Refinery  
  16  1:18  Barracks  
  16  1:24  SCV  
  17  1:41  SCV  
  18  2:01  SCV  
  19  2:11  Supply Depot  
  19  2:18  SCV  
  20  2:43  Barracks  
  21  2:51  Reaper  
  21  2:55  Orbital Command  
  21  3:10  Refinery  
  21  3:36  Reaper  
  22  3:53  Command Center  
  22  4:01  SCV  
  23  4:18  SCV  
  24  4:22  Marine  
  24  4:25  Barracks Tech Lab  
  25  4:40  Factory  
  25  4:47  Marine  
  26  4:55  Unknown  
  26  5:00  Marauder  
  28  5:16  Supply Depot  
  28  5:18  Supply Depot  
  28  5:20  SCV  
  29  6:02  Unknown  
  27  6:15  SCV  
  28  6:25  Refinery  
  28  6:32  SCV  
  28  6:34  SCV  
  30  6:42  Factory Tech Lab  
  30  6:49  SCV  
  31  6:51  Marine  
  31  6:52  Marine  
  33  7:16  Concussive Shells  
  33  7:17  Marauder, Supply Depot  
  35  7:24  Cyclone  
  38  7:31  Barracks Tech Lab  
  38  7:33  SCV  
  39  7:47  SCV, Marauder  
  40  7:50  SCV  
  35  8:11  Infernal Pre-Igniter  
  35  8:18  Marine  
  36  8:22  Marauder  
  33  8:36  Cyclone  
  36  8:43  Marine  
  36  8:51  Marauder  
  38  9:08  Marine  
  36  9:21  Cyclone  
  39  9:33  Marauder  
  39  9:37  Factory  
  38  10:02  Marauder, Barracks  
  38  10:40  SCV  
  39  10:53  Starport  
  39  10:55  Cyclone  
  39  10:57  SCV  
  43  11:06  SCV  
  44  11:12  Marauder x2  
  44  11:14  SCV  
  49  11:38  Factory Tech Lab  
  49  11:40  Cyclone  
  49  11:42  Marauder, Marine  
  55  12:05  SCV  
  55  12:07  Marine  
  57  12:17  Reaper  
  58  12:22  SCV  
  62  12:37  Starport, Reaper  
  62  12:39  SCV  
  64  12:45  Supply Depot  
  64  12:48  Supply Depot x2  
  64  12:52  Supply Depot x2  
  66  13:01  Reaper  
  66  13:02  Orbital Command  
  65  13:23  Unknown  
  65  13:27  Cyclone x2  
  71  13:34  Starport Tech Lab  
  71  13:36  Starport Tech Lab  
  71  14:08  Refinery  
  65  14:42  Cyclone  
  65  14:47  Cyclone  
  68  15:32  Cyclone  
  71  15:50  Unknown  
  71  15:54  Marine x2  
  73  16:11  Engineering Bay  
  73  16:19  Marine  
  74  16:51  Fusion Core  
  74  16:57  SCV  
  75  17:07  Cyclone  
  78  17:13  Marine  
  78  17:14  SCV, Marine  
  81  17:24  Raven  
  86  17:38  Marine  
  86  17:39  Marine  
  88  17:42  Terran Infantry Weapons Level 1  
  88  17:52  Cyclone  
  91  18:03  Marine  
  91  18:04  Marine  
  93  18:11  Unknown  
  93  18:24  Banshee  
  93  18:26  Banshee, Unknown  
  99  18:30  Unknown  
  98  18:40  Siege Tank  
  101  19:03  Command Center  
  83  19:24  Viking  
  83  19:25  Siege Tank  
  62  20:10  Siege Tank  
  65  21:02  Siege Tank  
  65  21:08  Viking  
  70  21:23  SCV x2  
  70  21:28  Marine  
  70  21:29  Marine  
  74  21:44  Medivac  
  74  21:47  Siege Tank  
  79  21:53  Marauder x2  
  86  22:14  Command Center  
  86  22:32  Siege Tank  
  86  22:33  Cloaking Field  
  89  22:47  Unknown  
  89  22:50  Unknown  
  89  22:55  Supply Depot  
  89  22:57  Supply Depot  
  89  22:59  Supply Depot  
  92  23:02  Supply Depot  
  92  23:04  Supply Depot  
  92  23:07  Corvid Reactor  
  92  23:23  Armory  
  92  23:50  Banshee, Unknown  
  92  23:56  Marine x2  
  97  24:21  Marauder x2  
  97  24:24  Terran Infantry Armor Level 1  
  101  24:48  Siege Tank  
  101  24:50  Banshee  
  62  25:58  Unknown  
  64  27:23  Thor  
  64  27:29  Siege Tank  
  73  27:42  Siege Tank  
  73  27:58  Missile Turret  
  73  27:59  Missile Turret  
  73  28:11  Unknown  
  73  28:12  Unknown  
  76  28:23  Thor  
  76  28:28  Command Center  
  76  28:29  Missile Turret  
  82  28:31  Missile Turret  
  82  28:42  Raven  
  84  29:11  Unknown  
  84  29:20  Missile Turret  
  84  29:23  Thor  
  84  29:25  Factory  
  90  29:38  Refinery  
  90  29:46  Refinery  
  90  29:53  SCV  
  91  30:10  SCV  
  92  30:23  Siege Tank, Medivac  
Tags
 
Add a new tag
Caveats
  • Supply blocks, unpowered buildings, or Contaminate may cause inaccurate times.
  • Supply counts are checked every 10 seconds.